 Dungeon Crawl Stone Soup version 0.19-a0-1468-ge013c26 (webtiles) character file.

49 jacquesderrida the Caller (level 3, 0/24 HPs)
             Began as a Demonspawn Summoner on Sept 7, 2016.
             Slain by a gnoll (7 damage)
             ... on level 3 of the Dungeon.
             The game lasted 00:03:55 (879 turns).

jacquesderrida the Caller (Demonspawn Summoner)      Turns: 879, Time: 00:03:56

Health: 0/24       AC:  4    Str:  8    XL:     3   Next: 53%
Magic:  2/6        EV:  8    Int: 17    God:
Gold:   46         SH:  0    Dex: 13    Spells: 3 memorised, 0 levels left

rFire  + . .     SeeInvis .     j - +0 spear
rCold  . . .     Gourm    .     h - +0 leather armour
rNeg   . . .     Faith    .     (no shield)
rPois  .         Spirit   .     k - +0 hat
rElec  .         Dismiss  .     (no cloak)
rCorr  .         Reflect  .     (no gloves)
MR     .....     Harm     .     n - +0 pair of boots
Stlth  ++........               (no amulet)
                                (no ring)
                                (no ring)

@: lethally poisoned (0 -> -3), constricted
A: fire resistance 1
a: no special abilities


You were on level 3 of the Dungeon.
You were hungry.

You visited 1 branch of the dungeon, and saw 4 of its levels.

You collected 46 gold pieces.

Inventory:

Hand Weapons
 j - a +0 spear (weapon)
Armour
 a - a +0 robe
 h - a +0 leather armour (worn)
 k - a +0 hat (worn)
 n - a +0 pair of boots (worn)
Scrolls
 d - 2 scrolls of remove curse {unknown}
 f - a scroll of recharging {unknown}
 g - 3 scrolls of identify {unknown}
 m - a scroll of enchant weapon {unknown}
Potions
 l - 2 potions of curing {unknown}
 o - a potion of cure mutation {unknown}
 q - a potion of invisibility {unknown}
Books
 b - a book of Callings

   Spells                             Type                      Level
   a - Summon Small Mammal            Summoning                    1
   b - Call Imp                       Summoning                    2
   c - Call Canine Familiar           Summoning                    3
   d - Summon Guardian Golem          Hexes/Summoning              3
   e - Summon Lightning Spire         Summoning/Air                4
   f - Summon Ice Beast               Ice/Summoning                4
Comestibles
 c - 2 bread rations
 i - 2 fruits
 p - a chunk of flesh


   Skills:
 - Level 1.7 Dodging
 - Level 1.7 Stealth
 - Level 2.0 Spellcasting
 + Level 5.3 Summonings


You couldn't memorise any spells.
You knew the following spells:

 Your Spells              Type           Power        Failure   Level  Hunger
a - Summon Small Mammal   Summ           ###.         3%          1    #......
b - Call Imp              Summ           ###.....     6%          2    ###....
c - Call Canine Familiar  Summ           ###.....     12%         3    ###....


Dungeon Overview and Level Annotations

Branches:
Dungeon (4/15)             Temple (0/1) D:4

Altars:
Hepliaklqana


Innate Abilities, Weirdness & Mutations

Your flesh is heat resistant. (rF+)


Message History

You stop ascending the stairs.
The ball python constricts you.
Unknown command.
Your attempt to break free from the ball python fails, but you feel that another attempt might succeed.
You feel sick. The gnoll hits you. The ball python barely misses you.
The ball python constricts you.
You escape the ball python's grasp.
The gnoll hits you but does no damage. The worker ant bites you!
The ball python closely misses you. The ball python barely misses you.
You climb upwards.
The orc shouts!
You hear a shout!
There is a stone staircase leading down here.
You can't go up here!
Unknown command.
Unknown command.
The orc hits you with a hand axe.
* * * LOW HITPOINT WARNING * * *
The ball python bites you but does no damage.
The ball python grabs you. The ball python constricts you.
The worker ant barely misses you. The gnoll hits you!
You die...

#.#..########
#.#.#
#.#..[.......
.#.#
#.##.########
...# #....#
#..# ######
#..# .#
#..##.#
###..#..#
#..S@o.#
#...ag.#
#......#
#......#
#.......#
#.......#
#.......#
#.......#
#.......#


You could see a worker ant, a gnoll, an orc and a ball python.

Vanquished Creatures
  An ooze (D:2)
  A hobgoblin (D:1)
  2 jackals (D:3)
  A ball python (D:1)
  3 bats
  A kobold (D:1)
9 creatures vanquished.

Vanquished Creatures (collateral kills)
  A worker ant (D:3)
  A gnoll (D:4)
  A worm (D:2)
  3 dart slugs
  An orc (D:3)
  A ball python (D:1)
  A giant cockroach (D:1)
  A goblin (D:3)
  5 hobgoblins
  2 jackals
  2 kobolds (D:1)
  2 rats
21 creatures vanquished.

Grand Total: 30 creatures vanquished

Notes
Turn   | Place    | Note
-------+----------+-------------------------------------------
     0 | D:1      | jacquesderrida the Demonspawn Summoner began the quest for the Orb.
     0 | D:1      | Reached XP level 1. HP: 13/13 MP: 3/3
   139 | D:1      | Gained mutation: Your flesh is heat resistant. (rF+) [demonic ancestry]
   139 | D:1      | Reached XP level 2. HP: 6/19 MP: 3/5
   152 | D:1      | Learned a level 2 spell: Call Imp
   447 | D:2      | Found a hazy altar of Hepliaklqana.
   528 | D:3      | Reached skill level 5 in Summonings
   528 | D:3      | Reached XP level 3. HP: 10/24 MP: 6/6
   579 | D:3      | Learned a level 3 spell: Call Canine Familiar
   789 | D:4      | Found a staircase to the Ecumenical Temple.
   814 | D:4      | Noticed a scorpion
   879 | D:3      | Slain by a gnoll

Vault maps used:
D:1:      ncdulo_lavacross, glass_columns_c
D:2:      overflow_temple_1_default, tso_oasis_becter, lemuel_crystal_altar,
          nicolae_overflow_crystal_walls, lemuel_tele_altar
D:3:      cheibrodos_gnoll_hut, uniq_natasha
D:4:      kennysheep_mini_moat, nrook_loot_triangle, makhleb_altar_promises_db

Skill      XL: |  1  2 |
---------------+-------+-----
Summonings     | 5 |  5.3
Dodging        | |  1.7
Stealth        | |  1.7
Spellcasting   | |  2.0

Action                   || total
-------------------------++-------
Melee: Spear             ||    51
       Unarmed           ||     1
 Cast: Summon Small Mamm ||     7
       Call Imp          ||    22
  Use: Potion            ||     1
 Stab: Sleeping          ||     3
  Eat: Chunk             ||     1
Armor: Leather armour    ||    34
       Robe              ||     1
Dodge: Dodged            ||    62
